 Dungeon Crawl Stone Soup version 0.30-a0-305-g026cb31310 (webtiles) character file.

Game seed: 4332260414177788548

448 sleeves the Ruffian (level 6, -13/47 HPs)
             Began as a Draconian Transmuter on Oct 21, 2022.
             Mangled by an ogre
             ... wielding a +0 giant club
              (18 damage)
             ... on level 5 of the Dungeon.
             The game lasted 00:03:53 (3979 turns).

sleeves the Ruffian (Draconian Transmuter)          Turns: 3979, Time: 00:03:54

Health: -13/47     AC:  7    Str: 15    XL:     6   Next: 73%
Magic:  9/9        EV: 12    Int: 13    God:
Gold:   209        SH:  0    Dex: 11    Spells: 8/9 levels left

rFire   . . .      SeeInvis .      - Unarmed
rCold   . . .      Faith    .    (no shield)
rNeg    . . .      Spirit   .    (body armour unavailable)
rPois   +          Reflect  .    m - +1 hat
rElec   .          Harm     .    (no cloak)
rCorr   .          Rampage  .    (no gloves)
Will    .....                    (no boots)
Stlth   +.........               (no amulet)
HPRegen 0.27/turn                f - ring of poison resistance
MPRegen 0.11/turn                j - +4 ring of slaying

@: no status effects
A: AC +6, unfitting armour, cold-blooded
a: no special abilities


You were on level 5 of the Dungeon.
You visited 1 branch of the dungeon, and saw 5 of its levels.

You collected 209 gold pieces.

Inventory:

Armour
 m - a +1 hat (worn)
   (You found it on level 2 of the Dungeon)
Jewellery
 f - a ring of poison resistance (left hand)
   (You found it on level 1 of the Dungeon)
 j - a +4 ring of slaying (right hand)
   (You found it on level 2 of the Dungeon)
 k - an amulet of regeneration
   (You found it on level 2 of the Dungeon)
 q - the ring "Notaf" {Ice rN+++ Int-5 Dex+2}
   (You found it on level 3 of the Dungeon)

   [ring of ice]

   It enhances your ice magic.
   Int:       It affects your intelligence (-5).
   Dex:       It affects your dexterity (+2).
   rF:        It makes you vulnerable to fire.
   rC:        It protects you from cold.
   rN:        It renders you almost immune to negative energy.
Wands
 s - a wand of iceblast (6)
   (You found it on level 4 of the Dungeon)
Scrolls
 d - 5 scrolls of teleportation {unknown}
 g - 2 scrolls of vulnerability {unknown}
 h - a scroll of enchant weapon {unknown}
 i - 6 scrolls of identify {unknown}
 n - a scroll of magic mapping {unknown}
 o - a scroll of enchant armour {unknown}
 r - 2 scrolls of poison {unknown}
 v - a scroll of noise {unknown}
Potions
 a - a potion of lignification
 b - a potion of heal wounds {unknown}
 c - 2 potions of flight {unknown}
 e - 3 potions of resistance {unknown}
 l - a potion of mutation {unknown}
 p - 2 potions of curing {unknown}
 t - 2 potions of attraction {unknown}
 u - a potion of ambrosia {unknown}


   Skills:
 - Level 1.1 Fighting
 - Level 1.7 Dodging
 + Level 7.7 Unarmed Combat
 - Level 2.0 Spellcasting
 - Level 2.0 Transmutations


You had 8 spell levels left.
You knew the following spells:

 Your Spells              Type           Power      Damage    Failure   Level
a - Beastly Appendage     Tmut           12%        N/A       11%         1

Your spell library contained the following spells:

 Spells                   Type           Power      Damage    Failure   Level
 Wereblood                Tmut           6%         N/A       17%         2
 Kiss of Death            Conj/Necr      4%         2d5       26%         1
 Spider Form              Tmut/Pois      3%         N/A       45%         3
 Confusing Touch          Hex            1%         N/A       58%         3
 Ice Form                 Ice/Tmut       3%         N/A       86%         4
 Dispel Undead            Necr           1%         3d6       94%         4


Dungeon Overview and Level Annotations

Branches:
Dungeon (5/15)
 Temple: D:4-7

Altars:
Kikubaaqudgha

Annotations:
D:4 Eustachio


Innate Abilities, Weirdness & Mutations

Your plain brown scales are hard. (AC +6)
You cannot fit into any form of body armour.
You are cold-blooded and may be slowed by cold attacks.


Message History

No target in view!
No target in view!
No target in view!
No target in view!
Your horns disappear.
Your talons disappear.
Your +1 hat unmelds from your body.
You now have 50 gold pieces (gained 9).
Found a leather armour.
You now have 52 gold pieces (gained 2).
Found an escape hatch in the ceiling.
You open the door.
Found 4 stones.
There is an open door here.
No target in view!
No target in view!
No target in view!
No target in view!
No target in view!
No target in view!
No target in view!
A goblin comes into view. It is wielding a +0 dagger.
The goblin shouts!
The goblin unwields a +0 dagger.
The goblin wields a +0 sling of flaming.
It bursts into flame!
The goblin shoots a sling bullet.
The sling bullet barely misses you.
A goblin is nearby!
A goblin is nearby!
The goblin shoots a sling bullet.
The sling bullet barely misses you.
The goblin shoots a sling bullet.
The sling bullet hits you but does no damage.
You grow a pair of large bovine horns.
Your feet morph into talons.
Your +1 hat melds into your body.
The goblin shoots a sling bullet.
The sling bullet hits you but does no damage.
The goblin shoots a sling bullet.
The sling bullet hits you. The sling bullet burns you.
A quokka comes into view.
The goblin unwields a +0 sling of flaming.
It stops flaming.
The goblin wields a +0 dagger.
The goblin closely misses you.
You punch the goblin!
You kill the goblin!
The quokka barely misses you.
You miss the quokka. You claw the quokka.
You kill the quokka!
No target in view!
No target in view!
No target in view!
No target in view!
Your transformation is almost over.
Things that are here:
a +0 dagger; a +0 sling of flaming; a goblin corpse Your horns disappear.
Your talons disappear.
Your +1 hat unmelds from your body.
Things that are here:
a +0 dagger; a +0 sling of flaming; a goblin corpse You see here a quokka corpse.
A frilled lizard comes into view.
A frilled lizard is nearby!
A frilled lizard is nearby!
You grow a pair of large bovine horns.
Your feet morph into talons.
Your +1 hat melds into your body.
Your transformation is almost over.
You hit the frilled lizard.
You kill the frilled lizard!
No target in view!
No target in view!
No target in view!
No target in view!
You see here a frilled lizard corpse.
Your horns disappear.
Your talons disappear.
Your +1 hat unmelds from your body.
A ball python comes into view.
The ball python hisses angrily.
A ball python is nearby!
A ball python is nearby!
A ball python is nearby!
You grow a pair of large bovine horns.
Your feet morph into talons.
Your +1 hat melds into your body.
The ball python bites you. The ball python grabs you.
The ball python constricts you.
You hit the ball python. You tail-slap the ball python.
You kill the ball python!
No target in view!
Your transformation is almost over.
Your horns disappear.
Your talons disappear.
Your +1 hat unmelds from your body.
n - a scroll labelled RACKUO OPTYM
Found an escape hatch in the floor.
There is an escape hatch in the floor here.
Done exploring.
Done exploring.
Done exploring.
(D) Dungeon
Where to? (Enter - D:2, ? - help)
There is a stone staircase leading down here.
You climb downwards.
There is a stone staircase leading up here.
i - 3 scrolls labelled HAR DIRHOAWN (gained 1)
Found an escape hatch in the floor.
Found an escape hatch in the ceiling.
You now have 66 gold pieces (gained 14).
You now have 80 gold pieces (gained 14).
You open the door.
Found 9 stones.
Found a stone staircase leading up.
There is an open door here.
You open the door.
There is an open door here.
Found an ancient bone altar of Kikubaaqudgha.
The human shouts!
Miasma emanates from the human's flesh.
The human is engulfed in dark miasma.
The human is poisoned.
The human is engulfed in dark miasma.
The human looks even sicker.
The human seems to slow down.
The human dies!
The human rises from the dead!
An endoplasm comes into view.
The endoplasm quivers.
An endoplasm is nearby!
An endoplasm is nearby!
An endoplasm is nearby!
An endoplasm is nearby!
You grow a pair of large bovine horns.
Your feet morph into talons.
Your +1 hat melds into your body.
You barely miss the endoplasm. Your headbutt misses the endoplasm.
You tail-slap the endoplasm.
The endoplasm is severely wounded.
Your transformation is almost over.
The endoplasm freezes you.
You are frozen.
You punch the endoplasm!
You kill the endoplasm!
No target in view!
No target in view!
Magic restored.
Your horns disappear.
Your talons disappear.
Your +1 hat unmelds from your body.
HP restored.
i - 4 scrolls labelled HAR DIRHOAWN (gained 1)
You now have 89 gold pieces (gained 9).
A ball python comes into view.
A ball python is nearby!
A ball python is nearby!
The ball python hisses angrily.
You see here a glowing ruby potion.
You grow a pair of large bovine horns.
Your feet morph into talons.
Your +1 hat melds into your body.
You barely miss the ball python. You claw the ball python.
You kill the ball python!
No target in view!
Your transformation is almost over.
e - 3 glowing ruby potions (gained 1)
You see here a ball python corpse.
Your horns disappear.
Your talons disappear.
Your +1 hat unmelds from your body.
You now have 98 gold pieces (gained 9).
A giant cockroach comes into view.
A giant cockroach is nearby!
A giant cockroach is nearby!
You hit the giant cockroach.
You kill the giant cockroach!
You grow a pair of large bovine horns.
Your feet morph into talons.
Your +1 hat melds into your body.
Your transformation is almost over.
Your horns disappear.
Your talons disappear.
Your +1 hat unmelds from your body.
Found 2 stones.
i - 5 scrolls labelled HAR DIRHOAWN (gained 1)
You now have 110 gold pieces (gained 12).
You now have 127 gold pieces (gained 17).
o - a scroll labelled FARURCH BELI You open the door.
There is an open door here.
p - a fuming green potion
There is an open door here.
A goblin comes into view. It is wielding a +2 dagger of venom.
Found a golden potion.
The goblin shouts!
You hit the goblin.
The goblin is severely wounded.
The goblin hits you but does no damage.
You are poisoned.
You hit the goblin.
You kill the goblin!
You feel very sick.
No target in view!
You feel sick.
You feel sick.
You feel sick.
You feel sick.
You feel sick.
You feel sick.
You feel sick.
You are no longer poisoned.
Things that are here:
a +2 dagger of venom; a goblin corpse
c - 2 golden potions (gained 1)
You see here a ball python corpse.
A kobold comes into view. It is wielding a +0 dagger.
The kobold shouts!
The kobold throws a stone.
The stone closely misses you.
A kobold is nearby!
A kobold is nearby!
Found a stone staircase leading down.
The kobold throws a stone.
The stone hits you but does no damage.
You grow a pair of large bovine horns.
Your feet morph into talons.
Your +1 hat melds into your body.
You punch the kobold!
You kill the kobold!
No target in view!
Your transformation is almost over.
Your horns disappear.
Your talons disappear.
Your +1 hat unmelds from your body.
There is a stone staircase leading down here.
You open the door.
There is an open door here.
You open the door.
There is an open door here.
You now have 133 gold pieces (gained 6).
You now have 136 gold pieces (gained 3).
Found a sling.
You see here a +0 sling.
There is an open door here.
There is an open door here.
g - 2 scrolls labelled OTERIH MEYLIEXOO (gained 1)
You see here a +0 club.
q - the ring "Notaf" {Ice rN+++ Int-5 Dex+2} You open the door.
A bat comes into view.
A bat is nearby!
There is an open door here.
The bat closely misses you. The bat hits you but does no damage.
You hit the bat but do no damage. The bat barely misses you.
The bat closely misses you. The bat hits you but does no damage.
The bat hits you but does no damage.
You hit the bat.
You kill the bat!
No target in view!
You open the door.
There is an open door here.
There is an open door here.
There is an open door here.
An endoplasm comes into view.
An endoplasm is nearby!
An endoplasm is nearby!
The helpless endoplasm fails to defend itself.
You hit the endoplasm but do no damage. The endoplasm freezes you.
You are frozen.
You hit the endoplasm.
The endoplasm is lightly wounded.
The endoplasm hits you.
You barely miss the endoplasm.
The endoplasm is lightly wounded.
The endoplasm misses you.
You punch the endoplasm!
You kill the endoplasm!
No target in view!
No target in view!
Found a stone staircase leading down.
There is a stone staircase leading down here.
Found a stone staircase leading down.
You now have 142 gold pieces (gained 6).
You open the door.
An orc and a worm come into view.
Found a robe.
The orc shouts!
There is an open door here.
You barely miss the worm. You hit the worm. You tail-slap the worm.
The worm is moderately wounded.
The worm bites you.
You hit the worm.
The worm is severely wounded.
You punch the worm!
You kill the worm!
The orc hits you with a +0 club.
You punch the orc!
You kill the orc!
No target in view!
No target in view!
No target in view!
No target in view!
You see here a worm corpse.
You see here a +0 robe.
You open the door.
There is an open door here.
Found a stone staircase leading up.
You now have 147 gold pieces (gained 5).
You open the door.
There is an open door here.
There is an open door here.
There is an open door here.
There is an open door here.
Key pressed, stopping explore.
There is an open door here.
There is an open door here.
You see here a +0 club.
Done exploring.
No target in view!
Done exploring.
Done exploring.
Done exploring.
(D) Dungeon
Where to? (Enter - D:3, ? - help)
You see here a +0 club.
There is an open door here.
You open the door.
There is an open door here.
There is a stone staircase leading down here.
You climb downwards.
There is a stone staircase leading up here.
A gnoll comes into view. It is wielding a +0 club.
A gnoll is nearby!
A gnoll is nearby!
You grow a pair of large bovine horns.
Your feet morph into talons.
Your +1 hat melds into your body.
No target in view!
No target in view!
No target in view!
A gnoll is nearby!
You hit the gnoll. You claw the gnoll.
Your tail-slap misses the gnoll.
The gnoll is severely wounded.
You closely miss the gnoll. Your kick misses the gnoll. You headbutt the gnoll.
You kill the gnoll!
Your Unarmed Combat skill increases to level 5!
You have reached level 4!
You feel stronger.
Unknown command.
Unknown command.
Your transformation is almost over.
Your horns disappear.
Your talons disappear.
Your +1 hat unmelds from your body.
Magic restored.
You see here a +0 club.
An orc comes into view. It is wielding a +0 flail.
An orc is nearby!
An orc is nearby!
An orc comes into view. It is wielding a +0 dagger.
The orc shouts!
You hear a shout!
A hound comes into view.
An orc comes into view. It is wielding a +2 vorpal flail.
An orc priest comes into view. It is wielding a +0 flail.
The orc shouts!
The orc priest shouts!
The hound barks!
The orc hits you but does no damage.
The orc priest moves out of view.
You grow a pair of large bovine horns.
Your feet morph into talons.
Your +1 hat melds into your body.
The orc barely misses you. The orc hits you but does no damage.
The hound bites you but does no damage. The orc completely misses you.
The hound bites you but does no damage. The orc closely misses you.
The hound bites you but does no damage. The hound attacks as you move away!
The hound bites you but does no damage.
Your transformation is almost over.
The hound bites you but does no damage. The hound barely misses you.
The hound attacks as you move away!
The hound bites you but does no damage. x2
The hound attacks as you move away! The hound bites you.
The hound closely misses you. The hound barely misses you.
Your horns disappear.
Your talons disappear.
Your +1 hat unmelds from your body.
You see here a +0 club.
The hound attacks as you move away! The hound closely misses you.
The hound completely misses you. The hound bites you but does no damage.
The hound attacks as you move away! The hound bites you but does no damage.
The hound closely misses you. The hound misses you.
The hound attacks as you move away! The hound barely misses you.
The hound attacks as you move away! The hound closely misses you.
The hound misses you. The hound bites you but does no damage.
There is a stone staircase leading up here.
You hit the hound.
The hound is lightly wounded.
The hound bites you. The hound closely misses you. The hound barely misses you.
You climb upwards.
There is a stone staircase leading down here.
You grow a pair of large bovine horns.
Your feet morph into talons.
Your +1 hat melds into your body.
The hound bites you but does no damage.
You punch the hound! Your headbutt misses the hound.
Your tail-slap misses the hound.
The hound is severely wounded.
The hound bites you but does no damage. The hound closely misses you.
You closely miss the hound. You claw the hound. You headbutt the hound.
You kill the hound!
No target in view!
No target in view!
No target in view!
You climb downwards.
The orc hits you but does no damage. The orc hits you with a +0 dagger.
There is a stone staircase leading up, spattered with blood here.
The orc barely misses you.
You climb upwards.
There is a stone staircase leading down here.
You punch the orc!
You kill the orc!
No target in view!
No target in view!
No target in view!
No target in view!
No target in view!
No target in view!
Magic restored.
Your horns disappear.
Your talons disappear.
Your +1 hat unmelds from your body.
HP restored.
Done exploring.
You climb downwards.
The orc closely misses you.
There is a stone staircase leading up, spattered with blood here.
The orc hits you with a +0 flail.
You climb upwards.
There is a stone staircase leading down here.
You grow a pair of large bovine horns.
Your feet morph into talons.
Your +1 hat melds into your body.
The orc hits you with a +0 flail.
You punch the orc!
You kill the orc!
No target in view!
No target in view!
Your transformation is almost over.
HP restored.
Magic restored.
Done exploring.
You extend your transformation's duration.
You climb downwards.
The orc priest looks satisfied for a moment.
There is a stone staircase leading up, spattered with blood here.
The orc priest casts a cantrip, but nothing happens.
The orc priest invokes the aid of Beogh against you.
Pain shoots through your body!
You climb upwards.
There is a stone staircase leading down here.
Your transformation is almost over.
Magic restored.
Your horns disappear.
Your talons disappear.
Your +1 hat unmelds from your body.
HP restored.
Done exploring.
Done exploring.
You grow a pair of large bovine horns.
Your feet morph into talons.
Your +1 hat melds into your body.
You climb downwards.
There is a stone staircase leading up, spattered with blood here.
You hit the orc priest. Your headbutt misses the orc priest.
The orc priest is moderately wounded.
The orc priest casts a cantrip, but nothing happens.
You hit the orc priest. You tail-slap the orc priest.
The orc priest is severely wounded.
The orc priest barely misses you.
You completely miss the orc priest. You claw the orc priest.
You kill the orc priest!
You have reached level 5!
You punch the orc!
You kill the orc!
No target in view!
No target in view!
Your transformation is almost over.
Your horns disappear.
Your talons disappear.
Your +1 hat unmelds from your body.
Magic restored.
Items here: )) [ ††.
A goblin comes into view. It is wielding a +1 dagger of draining.
A goblin is nearby!
A goblin is nearby!
Found a scale mail.
The goblin shouts!
You grow a pair of large bovine horns.
Your feet morph into talons.
Your +1 hat melds into your body.
The goblin hits you with a +1 dagger of draining.
You feel drained.
You punch the goblin!
You kill the goblin!
No target in view!
Your transformation is almost over.
HP restored.
You see here a +1 dagger of draining.
You open the door.
There is an open door here.
Your horns disappear.
Your talons disappear.
Your +1 hat unmelds from your body.
A hobgoblin comes into view.
A hobgoblin is nearby!
You grow a pair of large bovine horns.
Your feet morph into talons.
Your +1 hat melds into your body.
The hobgoblin shouts!
The hobgoblin hits you.
You hit the hobgoblin. You claw the hobgoblin.
You kill the hobgoblin!
Your life force feels restored.
No target in view!
No target in view!
Your horns disappear.
Your talons disappear.
Your +1 hat unmelds from your body.
You now have 153 gold pieces (gained 6).
You see here a hobgoblin corpse.
Found 2 stones.
You see here 2 stones.
r - a scroll labelled ORAILY QO MOTS An endoplasm comes into view.
Found three items.
The endoplasm quivers.
An endoplasm is nearby!
You hit the endoplasm.
The endoplasm is almost dead.
The endoplasm hits you.
You punch the endoplasm!
You kill the endoplasm!
No target in view!
A kobold and a worm come into view.
Found a scroll labelled JISOYRCH YM HYQITU.
The kobold moves out of view.
A worm is nearby!
A worm is nearby!
The worm bites you.
You hit the worm but do no damage. The worm closely misses you.
You punch the worm! You tail-slap the worm.
The worm is almost dead.
The kobold hits you but does no damage.
You hit the worm.
You kill the worm!
The kobold barely misses you.
You barely miss the kobold. Your punch misses the kobold.
The kobold barely misses you.
You hit the kobold.
You kill the kobold!
No target in view!
No target in view!
No target in view!
You see here a +0 club.
s - a wand of iceblast (6)
You now have 161 gold pieces (gained 8).
i - 6 scrolls labelled HAR DIRHOAWN (gained 1)
d - 4 scrolls labelled JISOYRCH YM HYQITU (gained 1)
You now have 167 gold pieces (gained 6).
p - 2 fuming green potions (gained 1)
r - 2 scrolls labelled ORAILY QO MOTS (gained 1)
You now have 183 gold pieces (gained 16).
You see here the +3 leather armour of Grace {rF+}.
You now have 190 gold pieces (gained 7).
You open the large door.
There is a large open door here.
You open the large door.
There is a large open door here.
Found a dagger.
You see here a staff of poison.
As you open the door, it creaks loudly!
Found a sedimented puce potion and 3 stones.
Found a stone staircase leading down.
There is an open door here.
t - a sedimented puce potion
There is a stone staircase leading down here.
d - 5 scrolls labelled JISOYRCH YM HYQITU (gained 1)
u - a green potion You open the door.
There is an open door here.
A giant cockroach comes into view.
The giant cockroach bites you but does no damage.
You punch the giant cockroach!
You kill the giant cockroach!
No target in view!
No target in view!
No target in view!
No target in view!
A jelly comes into view.
Found 6 boomerangs.
A jelly is nearby!
A jelly is nearby!
You grow a pair of large bovine horns.
Your feet morph into talons.
Your +1 hat melds into your body.
The jelly quivers.
You hit the jelly. The acid corrodes you!
Your hands burn!
Your kick misses the jelly. You tail-slap the jelly.
The jelly is heavily wounded.
The jelly hits you.
You are splashed with acid!
You are too injured to fight recklessly!
You are too injured to fight recklessly!
You punch the jelly!
You kill the jelly!
Your Unarmed Combat skill increases to level 6!
You see here 6 boomerangs.
Your transformation is almost over.
You are no longer corroded.
Your horns disappear.
Your talons disappear.
Your +1 hat unmelds from your body.
There is an open door here.
There is an open door here.
You see here a staff of poison.
You see here a +0 dagger.
You open the door.
Found a stone staircase leading down.
There is an open door here.
There is a stone staircase leading down here.
A necrophage comes into view.
The necrophage moves out of view.
A quokka comes into view.
A quokka is nearby!
A quokka is nearby!
A quokka is nearby!
The quokka bites you but does no damage.
You closely miss the quokka. The quokka barely misses you.
You hit the quokka.
The quokka is heavily wounded.
The quokka misses you. The quokka barely misses you.
You barely miss the quokka.
The quokka is heavily wounded.
The quokka misses you.
You barely miss the quokka.
The quokka is heavily wounded.
The quokka closely misses you.
You hit the quokka.
You kill the quokka!
The necrophage hits you.
You punch the necrophage!
You punch the necrophage, but do no damage.
The necrophage is heavily damaged.
The necrophage hits you.
You punch the necrophage!
The necrophage is severely damaged.
The necrophage closely misses you.
You hit the necrophage.
The necrophage is almost destroyed.
The necrophage hits you but does no damage.
You hit the necrophage.
You destroy the necrophage!
No target in view!
No target in view!
No target in view!
No target in view!
No target in view!
You see here a quokka corpse.
Found a stone staircase leading up.
You open the large door.
There is a large open door here.
There is a large open door here.
Found 4 stones.
You see here 4 stones.
Found a stone staircase leading up.
A phantom comes into view.
You grow a pair of large bovine horns.
Your feet morph into talons.
Your +1 hat melds into your body.
The phantom hits you but does no damage.
You punch the phantom! You claw the phantom.
Your tail-slap misses the phantom.
The phantom is heavily damaged.
You hit the phantom. Your kick misses the phantom.
You tail-slap the phantom, but do no damage.
The phantom is severely damaged.
The phantom hits you.
The phantom blinks!
You blink.
Found a stone staircase leading down.
You punch the phantom!
You destroy the phantom!
Your Unarmed Combat skill increases to level 7!
You have reached level 6!
Your scales feel tougher.
Your transformation is almost over.
Your horns disappear.
Your talons disappear.
Your +1 hat unmelds from your body.
You see here a +0 club.
You see here a +1 dagger of draining.
There is an open door here. 2 gnolls come into view.
The gnoll shouts! x2
There are monsters nearby!
There are monsters nearby!
A gnoll comes into view. It is wielding a +0 whip.
The gnoll shouts!
The gnoll moves out of view.
You miscast Beastly Appendage.
You are very lightly contaminated with residual magic.
Nothing appears to happen.
The gnoll hits you with a +0 club.
You punch the gnoll!
The gnoll is heavily wounded.
The gnoll hits you with a +0 club.
You barely miss the gnoll.
The gnoll is heavily wounded.
The gnoll closely misses you.
You grow a pair of large bovine horns.
Your feet morph into talons.
Your +1 hat melds into your body.
The gnoll misses you.
You hit the gnoll.
The gnoll is severely wounded.
The gnoll hits you with a +0 club.
You punch the gnoll!
You kill the gnoll!
Your magical contamination has completely faded away.
You barely miss the gnoll. You hit the gnoll. Your kick misses the gnoll.
You tail-slap the gnoll.
The gnoll is almost dead.
The gnoll hits you but does no damage.
You hit the gnoll.
You kill the gnoll!
The gnoll hits you from afar with a +0 halberd!
* * * LOW HITPOINT WARNING * * *
You are too injured to fight recklessly!
You are too injured to fight recklessly!
You are too injured to fight recklessly!
You are too injured to fight recklessly!
You are too injured to fight recklessly!
You are too injured to fight recklessly!
You are too injured to fight recklessly!
You are too injured to fight recklessly!
You are too injured to fight recklessly!
You are too injured to fight recklessly!
You are too injured to fight recklessly!
You are too injured to fight recklessly!
You are too injured to fight recklessly!
You are too injured to fight recklessly!
The gnoll hits you with a +0 halberd.
* * * LOW HITPOINT WARNING * * *
Things that are here:
a +0 whip; a +0 club You punch the gnoll!
You claw the gnoll.
You kill the gnoll!
Your transformation is almost over.
Things that are here:
a +0 halberd; a gnoll corpse Your horns disappear.
Your talons disappear.
Your +1 hat unmelds from your body.
A gnoll comes into view. It is wielding a +0 halberd.
A gnoll is nearby!
A gnoll is nearby!
You are too injured to fight recklessly!
You are too injured to fight recklessly!
Things that are here:
a +0 whip; a +0 club The gnoll shouts!
Casting: Beastly Appendage (safe; 11% risk of failure)
Confirm with . or Enter, or press ? or * to list all spells.
You grow a pair of large bovine horns.
Your feet morph into talons.
Your +1 hat melds into your body.
The gnoll hits you with a +0 halberd!
* * * LOW HITPOINT WARNING * * *
You are too injured to fight recklessly!
You are too injured to fight recklessly!
You are too injured to fight recklessly!
You punch the gnoll! You claw the gnoll.
You kill the gnoll!
You see here a +0 halberd.
Your transformation is almost over.
Your horns disappear.
Your talons disappear.
Your +1 hat unmelds from your body.
Found a mace.
You now have 209 gold pieces (gained 19).
Done exploring.
Done exploring.
Done exploring.
(D) Dungeon
Where to? (Enter - D:4, ? - help)
Things that are here:
a +0 halberd; a gnoll corpse
Things that are here:
a +0 whip; a +0 club
There is an open door here.
You see here a +0 club.
There is a stone staircase leading down here.
You climb downwards.
The ogre shouts!
The orc shouts!
The black bear growls angrily.
There is a stone staircase leading up here.
There are monsters nearby!
You climb upwards.
There is a stone staircase leading down here.
There is a large open door here.
There is a large open door here.
There is a stone staircase leading down here.
You climb downwards.
Found five items.
There is a stone staircase leading up here.
Found 4 stones.
A hound is nearby!
You grow a pair of large bovine horns.
Your feet morph into talons.
Your +1 hat melds into your body.
You miss the hound. The hound bites you.
You barely miss the hound. Your kick misses the hound.
Your headbutt misses the hound. You punch the hound!
The hound is moderately wounded.
Your transformation is almost over.
The hound closely misses you. The hound misses you.
You closely miss the hound.
Your tail-slap misses the hound.
The hound is moderately wounded.
The hound bites you.
You miss the hound. Your kick misses the hound.
The hound is moderately wounded.
The hound misses you.
You punch the hound!
You kill the hound!
No target in view!
No target in view!
You see here a hound corpse.
You see here +0 ice dragon scales.
Magic restored.
Your horns disappear.
Your talons disappear.
Your +1 hat unmelds from your body.
HP restored.
t - 2 sedimented puce potions (gained 1)
You see here a hound corpse.
v - a scroll labelled RITARHONAU
There is a stone staircase leading up here.
A hound comes into view.
The hound barks!
A hound is nearby!
A hound is nearby!
You grow a pair of large bovine horns.
Your feet morph into talons.
Your +1 hat melds into your body.
The hound misses you.
Eustachio the Magnificent comes into view.
He is wielding a +0 falchion.
The hound barely misses you.
You hit the hound. Your kick misses the hound.
Your tail-slap misses the hound.
The hound is lightly wounded.
The hound barely misses you.
You punch the hound!
The hound is almost dead.
Your transformation is almost over.
Eustachio gestures wildly while chanting.
The hound bites you.
You closely miss the hound. You claw the hound.
The hound is almost dead.
The hound barely misses you.
You completely miss the hound. Your kick misses the hound.
The hound is almost dead.
The hound barely misses you. The hound bites you.
You hit the hound.
You kill the hound!
The white imp gestures at you. The puff of frost hits you!
The white imp shouts, "Crawl home, thou peaked wibble-sucking tinkerer!"
Eustachio gestures wildly while chanting.
Eustachio mumbles some strange words.
Eustachio blinks!
The bat closely misses you.
There is a stone staircase leading up here.
The bat hits you but does no damage. x2
You climb upwards.
Your horns disappear.
Your talons disappear.
Your +1 hat unmelds from your body.
There is a stone staircase leading down here.
HP restored.
Done exploring.
Done exploring.
You climb downwards.
Level annotation: Eustachio The bat completely misses you.
The bat closely misses you. The bat misses you.
An orc wizard comes into view. It is wielding a +0 dagger.
The bat hits you but does no damage.
There is a stone staircase leading up here.
The orc wizard shouts!
The orc shouts!
The bat closely misses you. The bat hits you but does no damage.
The bat closely misses you. The bat misses you.
You climb upwards.
There is a stone staircase leading down here.
Casting: Beastly Appendage (safe; 11% risk of failure)
Confirm with . or Enter, or press ? or * to list all spells.
You grow a pair of large bovine horns.
Your feet morph into talons.
Your +1 hat melds into your body.
Your transformation is almost over.
You climb downwards.
Level annotation: Eustachio The orc hits you with a +0 hand axe.
There is a stone staircase leading up here.
You hit the orc. You claw the orc.
The orc is almost dead.
The orc closely misses you.
You barely miss the orc. You claw the orc.
You kill the orc!
An orc comes into view. It is wielding a +1 hand axe of venom.
The orc wizard gestures wildly while chanting.
The orc wizard flickers and vanishes!
Deactivating autopickup; reactivate with Ctrl-A.
The orc shouts!
Eustachio closely misses you.
You climb upwards.
Reactivating autopickup.
There is a stone staircase leading down here.
You miss Eustachio. Your kick misses Eustachio.
Eustachio gestures wildly while chanting.
You closely miss Eustachio. Your kick misses Eustachio. The bat hits you.
You closely miss Eustachio.
You headbutt Eustachio, but do no damage.
Your punch misses Eustachio.
Your horns disappear.
Your talons disappear.
Your +1 hat unmelds from your body.
The bat hits you but does no damage.
Eustachio mumbles some strange words.
Eustachio blinks!
You barely miss the river rat. You punch the river rat!
The river rat is severely wounded.
The bat closely misses you.
Eustachio gestures wildly while chanting.
Eustachio blinks!
The river rat closely misses you.
You closely miss the river rat. You tail-slap the river rat.
The river rat is almost dead.
The bat hits you but does no damage. The river rat bites you.
Casting: Beastly Appendage (safe; 11% risk of failure)
Confirm with . or Enter, or press ? or * to list all spells.
You grow a pair of large bovine horns.
Your feet morph into talons.
Your +1 hat melds into your body.
The river rat bites you. The bat hits you but does no damage.
You punch the river rat!
You kill the river rat!
The river rat's corpse disappears in a puff of smoke!
The bat hits you but does no damage.
Eustachio mumbles some strange words.
Eustachio blinks!
You swing at nothing.
You hit the bat.
You kill the bat!
The bat's corpse disappears in a puff of smoke!
Eustachio mumbles some strange words.
The crimson imp shouts!
There is a stone staircase leading down here.
You swing at nothing.
Your transformation is almost over.
Eustachio yells, "Perjured traitor, DIE!"
Eustachio gestures wildly while chanting.
Eustachio blinks!
You swing at nothing.
You miss the ufetubus. Your headbutt misses the ufetubus.
The ufetubus closely misses you. The ufetubus barely misses you.
Eustachio hits you but does no damage.
You closely miss Eustachio. You claw Eustachio.
Eustachio is lightly wounded.
The ufetubus barely misses you.
The ufetubus hits you but does no damage.
Eustachio casts a spell.
The ufetubus hits you but does no damage.
The ufetubus hits you.
You punch Eustachio!
Eustachio is moderately wounded.
Eustachio hits you but does no damage.
The ufetubus hits you but does no damage. x2
You hit Eustachio. Your kick misses Eustachio.
You headbutt Eustachio, but do no damage.
Your tail-slap misses Eustachio.
Your punch misses Eustachio.
Eustachio is moderately wounded.
The ufetubus barely misses you.
The ufetubus hits you but does no damage.
Eustachio hits you but does no damage.
You closely miss Eustachio. You tail-slap Eustachio. You punch Eustachio.
Eustachio is heavily wounded.
The ufetubus closely misses you. The ufetubus hits you.
Eustachio hits you with a +0 falchion.
You hit Eustachio. You claw Eustachio, but do no damage.
Eustachio is heavily wounded.
The ufetubus closely misses you. The ufetubus hits you.
The ufetubus barely misses you.
The ufetubus hits you but does no damage.
Eustachio gestures wildly while chanting.
You barely miss Eustachio. Your kick misses Eustachio.
Eustachio is heavily wounded.
The crimson imp shouts, "Embrace thy failure, thou currish fat-kidneyed ratsbane!"
You punch Eustachio!
Eustachio is almost dead.
Your horns disappear.
Your talons disappear.
Your +1 hat unmelds from your body.
Eustachio hits you with a +0 falchion.
You hit Eustachio.
Eustachio is almost dead.
Eustachio mumbles some strange words.
Eustachio blinks!
The river rat closely misses you.
The crimson imp lashes its tail.
The crimson imp misses you. The river rat bites you.
The crimson imp misses you. The quokka barely misses you.
You climb downwards.
There is a stone staircase leading up here.
You closely miss the orc wizard.
The orc wizard gestures at you while chanting.
The magic dart hits you!
* * * LOW HITPOINT WARNING * * *
You barely miss the orc wizard. The orc barely misses you.
The orc wizard hits you but does no damage.
Casting: Beastly Appendage (safe; 11% risk of failure)
Confirm with . or Enter, or press ? or * to list all spells.
You grow a pair of large bovine horns.
Your feet morph into talons.
Your +1 hat melds into your body.
You hit the orc.
You kill the orc!
The orc wizard points at you and mumbles some strange words.
The magic dart hits you.
* * * LOW HITPOINT WARNING * * *
There is a stone staircase leading up here.
You closely miss the orc wizard. Your kick misses the orc wizard.
The orc wizard hits you with a +0 dagger.
* * * LOW HITPOINT WARNING * * *
You punch the orc wizard! You claw the orc wizard.
The orc wizard is severely wounded.
Your transformation is almost over.
The orc wizard casts a spell at you. You resist with some effort.
You barely miss the orc wizard.
The orc wizard is severely wounded.
You barely miss the orc wizard. Your kick misses the orc wizard.
You tail-slap the orc wizard.
You kill the orc wizard!
Things that are here:
a +0 dagger; a +0 robe
There is a stone staircase leading up here.
Your horns disappear.
Your talons disappear.
Your +1 hat unmelds from your body.
The ogre shouts!
The ogre hits you with a +0 giant club!
* * * LOW HITPOINT WARNING * * *
The ogre hits you with a +0 giant club!!
You die...

#....#. #.#...
##.#.# ##....###
#...(....
########.....#
#....(.......#
#.######)O[..#
#@#.#.#######
#)...........
########...)...#
.........#.###.#
##########†# .
#.# #.. #.# ...


You could see an ogre.

Vanquished Creatures
  A phantom (D:4)
  A necrophage (D:4)
  3 hounds
  An orc priest (D:4)
  A jelly (D:4)
  An orc wizard (D:5)
  5 gnolls (D:4)
  2 adders (D:2)
  3 worms
  6 orcs
  4 ball pythons
  2 bats
  6 endoplasms
  3 giant cockroaches
  7 goblins
  6 hobgoblins
  4 quokkas
  A frilled lizard (D:2)
  3 kobolds
  2 rats (D:2)
62 creatures vanquished.

Vanquished Creatures (others)
  A human (D:3)
1 creature vanquished.

Grand Total: 63 creatures vanquished

Notes
Turn   | Place    | Note
-------+----------+-------------------------------------------
     0 | D:1      | sleeves the Draconian Transmuter began the quest for the
                  | Orb.
     0 | D:1      | Reached XP level 1. HP: 16/16 MP: 3/3
   171 | D:1      | Found a faded altar of an unknown god.
   191 | D:1      | Reached XP level 2. HP: 23/23 MP: 3/5
   510 | D:2      | Reached skill level 4 in Unarmed Combat
   584 | D:2      | Reached XP level 3. HP: 27/28 MP: 6/6
  1505 | D:3      | Found an ancient bone altar of Kikubaaqudgha.
  1505 | D:3      | Noticed a human
  1508 | D:3      | Killed a human
  1907 | D:3      | Identified the ring "Notaf" {Ice rN+++ Int-5 Dex+2}
  2380 | D:4      | Reached skill level 5 in Unarmed Combat
  2380 | D:4      | Reached XP level 4. HP: 35/35 MP: 5/7
  2520 | D:4      | Reached XP level 5. HP: 40/40 MP: 6/8
  2827 | D:4      | Identified the +3 leather armour of Grace {rF+}
  2993 | D:4      | Reached skill level 6 in Unarmed Combat
  3347 | D:4      | Noticed a phantom
  3352 | D:4      | Killed a phantom
  3353 | D:4      | Reached skill level 7 in Unarmed Combat
  3353 | D:4      | Reached XP level 6. HP: 45/47 MP: 7/9
  3432 | D:4      | HP: 22/47 [gnoll/+0 halberd (13)]
  3479 | D:4      | HP: 22/47 [gnoll/+0 halberd (7)]
  3685 | D:5      | Entered Level 5 of the Dungeon
  3855 | D:5      | Noticed Eustachio
  3957 | D:5      | HP: 22/47 [orc wizard/magic dart (7)]
  3963 | D:5      | HP: 18/47 [orc wizard/+0 dagger (1)]
  3978 | D:5      | HP: 5/47 [ogre/+0 giant club (17)]
  3979 | D:5      | Mangled by an ogre

Illustrated notes

Levels and vault maps discovered:
D:1:      psy_arrival_whirlpool, layout_basic, ebering_ecumenical_altar_rust
D:2:      layout_basic, minmay_misc_feat_room
D:3:      layout_loops_corners, tgw_kikubaaqudgha
D:4:      kb_forest_paths, layout_basic, kennysheep_generic_room_15
D:5:      layout_loops_ring, worldfamousw_hep_ancestral_shrine, corexii_shack,
          uniq_eustachio

Skill      XL: |  1  2  3  4  5 |
---------------+----------------+-----
Unarmed Combat | 4 5 7 |  7.7
Fighting       | |  1.1
Dodging        | |  1.7
Spellcasting   | |  2.0
Transmutations | |  2.0

Action                   |  1- 3 |  4- 6 || total
-------------------------+-------+-------++-------
Melee: Unarmed           |    85 |    77 ||   162
       Kick              |    15 |    12 ||    27
       Headbutt          |     6 |     3 ||     9
       Tailslap          |     7 |     8 ||    15
       Punch             |     1 |     4 ||     5
 Cast: Beastly Appendage |    25 |    16 ||    41
 Stab: Sleeping          |     1 |       ||     1
Armor: Skin              |    17 |    39 ||    56
Dodge: Dodged            |    49 |    61 ||   110

Table legend: (Time is in decaauts)
 A = Elapsed time spent in this place.
 B = Non-inter-level travel time spent in this place.
 C = Inter-level travel time spent in this place.
 D = Time resting spent in this place.
 E = Time spent auto-exploring this place.
 F = Levels seen in this place.
 G = Mean time per level.
                   A        B        C        D        E       F      G
               +--------+--------+--------+--------+--------+-----+--------+
         Total |   3970 |   3712 |    258 |      0 |   3157 |   5 |  794.0 |
       Dungeon |   3970 |   3712 |    258 |      0 |   3157 |   5 |  794.0 |
               +--------+--------+--------+--------+--------+-----+--------+

Top non-repeatable levels by time:
     D:4: 1468 daAuts
     D:3: 1019 daAuts
     D:2: 981 daAuts
     D:1: 423 daAuts
     D:5: 76 daAuts
